 Dungeon Crawl Stone Soup version 0.13-a0-3104-gb5885e9 (webtiles) character file.

410 Malachi the Chiller (level 5, -2/38 HPs)
             Began as a Ghoul Ice Elementalist on Sept 19, 2013.
             Slain by an ogre
             ... wielding a +0,+0 giant spiked club
              (12 damage)
             ... on Level 4 of the Dungeon.
             The game lasted 00:06:48 (3115 turns).

Malachi the Chiller (Ghoul Ice Elementalist)        Turns: 3115, Time: 00:06:49

HP  -2/38        AC 10     Str 12      XL: 5   Next: 37%
MP   2/8         EV 12     Int 11      God:
Gold 255         SH  0     Dex  9      Spells:  1 memorised,  6 levels left

Res.Fire  : . . .   See Invis. : .   t - +2,+3 trident (protect)
Res.Cold  : + . .   Warding    : .   a - +0 robe
Life Prot.: + + +   Conserve   : .   (no shield)
Res.Poison: +       Res.Corr.  : .   (no helmet)
Res.Elec. : .       Clarity    : .   (no cloak)
Sust.Abil.: . .     Spirit.Shd : .   A - +2 pair of elf gauntlets
Res.Mut.  : .       Stasis     : .   (no boots)
Res.Rott. : +       Flight     : .   (no amulet)
Saprovore : + + +                    y - ring of flight
                                     h - ring of protection from magic

@: very slightly contaminated, rotting, somewhat resistant to hostile
enchantments, fairly stealthy
A: rotting body, claws 1, carnivore 3, cold resistance 1, life protection 3,
poison resistance, saprovore 3, slow healing 1, torment resistance, unbreathing
a: Evoke Flight


You were on level 4 of the Dungeon.
You were not hungry.

You visited 1 branch of the dungeon, and saw 4 of its levels.

You collected 235 gold pieces.

Inventory:

Hand weapons
 t - a +2,+3 trident of protection (weapon)
Missiles
 o - 5 javelins (quivered)
Armour
 a - a +0 robe (worn)
 A - a +2 pair of elven gauntlets (worn)
Comestibles
 w - 2 chunks of goblin flesh
 x - a rotting chunk of giant cockroach flesh
 z - 2 chunks of kobold flesh
Scrolls
 c - a scroll of fear
 d - a scroll of identify
 j - 6 scrolls of remove curse
Jewellery
 h - a ring of protection from magic (left hand)
 y - a ring of flight (right hand)
Potions
 e - a potion of curing {unknown}
 f - a potion of confusion {unknown}
 g - 2 potions of heal wounds {unknown}
 l - a potion of poison {unknown}
 n - a potion of brilliance {unknown}
 p - a potion of mutation {unknown}
 r - 2 potions of resistance {unknown}
 s - a potion of invisibility {unknown}
 v - a potion of paralysis {unknown}
Books
 b - a book of Frost

   Spells                             Type                      Level
   *Freeze                            Ice                          1
   Throw Frost                        Conjuration/Ice              2
   Ozocubu's Armour                   Charms/Ice                   3
   Throw Icicle                       Conjuration/Ice              4
   Summon Ice Beast                   Ice/Summoning                4
   Condensation Shield                Ice                          4


   Skills:
 + Level 0.7 Fighting
 + Level 0.6 Polearms
 + Level 2.8 Dodging
 + Level 2.9 Stealth
 + Level 1.3 Unarmed Combat
 + Level 1.9 Spellcasting
   Level 0.7 Conjurations
 + Level 4.3 Ice Magic


You had 6 spell levels left.
You knew the following spells:

 Your Spells              Type           Power        Failure   Level  Hunger
a - Freeze                Ice            ##..         6%          1    ##.....


Dungeon Overview and Level Annotations

Branches:
Dungeon (4/27)
 Temple: D:4-7

Altars:


Innate Abilities, Weirdness & Mutations

Your body is rotting away.
You have sharp fingernails.
You are carnivorous and can eat meat at any time.
Your flesh is cold resistant.
You are immune to negative energy.
Your system is resistant to poisons.
You thrive on rotten meat.
You heal slowly.
You are immune to unholy pain and torment.
You can survive without breathing.


Message History

Aiming: Freeze
Press: ? - help, Shift-Dir - straight line, f/p - ogre
Aim: an ogre, wielding a giant spiked club (heavily wounded)
You freeze the ogre.
The ogre is severely wounded.
The bat zombie hits you but does no damage.
The bat zombie barely misses you. The ogre barely misses you.
The bat zombie hits you but does no damage.
Casting: Freeze
Confirm with . or Enter, or press ? or * to list all spells.
Aiming: Freeze
Press: ? - help, Shift-Dir - straight line, f/p - ogre
Aim: an ogre, wielding a giant spiked club (severely wounded)
You freeze the ogre.
The ogre is severely wounded.
The bat zombie hits you but does no damage.
The bat zombie barely misses you.
The bat zombie hits you but does no damage.
The ogre hits you with a giant spiked club!
You die...

###############...
...................
#...#...##.######.
............#
#...#...####
..........########.
#########@z.......
#...O#########
#.... #...? ....
#.... ### #....
#.... .... .


You could see an ogre and a bat zombie.

Vanquished Creatures
  2 worker ants (D:4)
  A hound zombie (D:3)
  4 adders
  A giant mite (D:3)
  A worm (D:2)
  A giant eyeball (D:4)
  2 giant geckos (D:2)
  An orc (D:3)
  5 hobgoblins
  4 kobolds
  5 bats
  5 giant cockroaches
  2 giant newts
  9 goblins
  5 rats
48 creatures vanquished.

Vanquished Creatures (others)
  An ogre (D:4)
  An adder (D:4)
  2 giant mites (D:4)
  An orc (D:4)
  A hobgoblin (D:4)
  A giant gecko (D:4)
7 creatures vanquished.

Grand Total: 55 creatures vanquished

Notes
Turn   | Place    | Note
--------------------------------------------------------------
     0 | D:1      | Malachi, the Ghoul Ice Elementalist, began the quest for the Orb.
     0 | D:1      | Reached XP level 1. HP: 14/14 MP: 3/3
   586 | D:1      | Reached XP level 2. HP: 12/20 MP: 4/4
  1792 | D:2      | Reached XP level 3. HP: 7/26 MP: 1/5
  1980 | D:2      | Reached skill level 1 in Unarmed Combat
  2545 | D:3      | Reached XP level 4. HP: 27/33 MP: 6/6
  2656 | D:3      | Reached skill level 4 in Ice Magic
  2819 | D:4      | Killed an ogre
  2836 | D:4      | Paralysed by a giant eyeball for 2 turns
  2841 | D:4      | Paralysed by a giant eyeball for 4 turns
  2941 | D:4      | Reached XP level 5. HP: 36/38 MP: 4/8
  2964 | D:4      | Noticed a phantom
  3104 | D:4      | Noticed an ogre
  3115 | D:4      | Slain by an ogre

Action                   |  1- 3 |  4- 6 || total
-------------------------+-------+-------++-------
Melee: Unarmed           |   137 |       ||   137
       Trident           |     7 |    48 ||    55
 Cast: Freeze            |    10 |    25 ||    35
  Use: Scroll            |       |     8 ||     8
 Stab: Sleeping          |     3 |     2 ||     5
